 Dungeon Crawl Stone Soup version 0.27-a0-506-g2188dfaaa0 (webtiles) character file.

Game seed: 1824012800708029269

7 Oggdrasil the Grave Robber (level 1, -2/15 HPs)
             Began as a Mummy Necromancer on Mar 3, 2021.
             Slain by a jackal (3 damage)
             ... on level 1 of the Dungeon.
             The game lasted 00:03:45 (391 turns).

Oggdrasil the Grave Robber (Mummy Necromancer)       Turns: 391, Time: 00:03:46

Health: -2/15      AC:  2    Str: 11    XL:     1   Next: 83%
Magic:  1/4        EV: 12    Int: 14    God:
Gold:   36         SH:  0    Dex: 12    Spells: 3/5 levels left

rFire    x . .     SeeInvis .   (no weapon)
rCold    + . .     Faith    .   (no shield)
rNeg     + + +     Spirit   .   a - +0 robe
rPois    ∞         Reflect  .   (no helmet)
rElec    .         Harm     .   (no cloak)
rCorr    .         Rampage  .   (no gloves)
Will     .....                  (no boots)
Stlth    ++........             (no amulet)
HPRegen  0.05/turn              (no ring)
MPRegen  0.09/turn              (no ring)

@: about to teleport
A: cold resistance 1, negative energy resistance 3, torment resistance,
unbreathing 1, heat vulnerability 1, no potions
a: no special abilities


You were on level 1 of the Dungeon.
You visited 1 branch of the dungeon, and saw 1 of its levels.

You collected 36 gold pieces.

Inventory:

Armour
 a - a +0 robe (worn)


   Skills:
 + Level 1.0 Fighting
 - Level 1.5 Dodging
 - Level 1.5 Stealth
 - Level 2.6 Spellcasting
 + Level 4.2 Necromancy


You had 3 spell levels left.
You knew the following spells:

 Your Spells              Type           Power        Failure   Level
a - Pain                  Necr           52%          4%          1
b - Animate Skeleton      Necr           26%          4%          1

Your spell library contained the following spells:

 Spells                   Type           Power        Failure   Level
 Vampiric Draining        Necr           6%           12%         3
 Animate Dead             Necr           6%           36%         4
 Agony                    Necr           13%          73%         5


Dungeon Overview and Level Annotations

Branches:
Dungeon (1/15)

Altars:


Innate Abilities, Weirdness & Mutations

You are immune to poison.
Your flesh is cold resistant. (rC+)
You are immune to negative energy. (rN+++)
You are immune to unholy pain and torment.
You can survive without breathing.
You are vulnerable to heat. (rF-)
You do not drink.


Message History

Your bat skeleton closely misses the jackal.
The jackal bites your bat skeleton.
Your bat skeleton barely misses the jackal.
The jackal bites your bat skeleton.
Your bat skeleton hits the jackal.
Your bat skeleton closely misses the jackal.
The jackal bites your bat skeleton.
Your bat skeleton is destroyed!
The jackal bites you but does no damage.
You closely miss the jackal.
The jackal is lightly wounded.
The jackal closely misses you.
You hit the jackal.
The jackal is heavily wounded.
The jackal bites you.
You barely miss the jackal.
The jackal is heavily wounded.
The jackal bites you.
* * * LOW HITPOINT WARNING * * *
The jackal bites you.
* * * LOW HITPOINT WARNING * * *
You hit the jackal.
The jackal is severely wounded.
The jackal misses you.
You barely miss the jackal.
The jackal is severely wounded.
The jackal bites you.
* * * LOW HITPOINT WARNING * * *
The jackal closely misses you.
You hit the jackal.
The jackal is severely wounded.
The jackal bites you.
* * * LOW HITPOINT WARNING * * *
You are too injured to fight recklessly!
As you read the scroll labelled KUANGO FILURIS, it crumbles to dust.
You feel strangely unstable.
It was a scroll of teleportation.
The jackal completely misses you.
Your rat skeleton barely misses the jackal.
The jackal bites your rat skeleton. The jackal bites you.
You die...

#.#.#...#.####.#.......
..#.#...#.# #.#.#..###
##.#.#...#.####.#.#..###
........#.##.#.#.#.(...
.......................
..#.........h..#.#.....
.##.##.##Z###... ..# #
#h# .#..# # #@# .#....
#....#.# #### #....#.#
#....#.#.# #....#.#.#
#.. ##.###.#.# #.. #.#
#.#.# #.. ... ..#.# #..
.# #...# ##..


You could see 2 jackals and a friendly rat skeleton.

Vanquished Creatures
  2 hobgoblins (D:1)
  A kobold (D:1)
  2 bats (D:1)
  2 rats (D:1)
7 creatures vanquished.

Notes
Turn   | Place    | Note
-------+----------+-------------------------------------------
     0 | D:1      | Oggdrasil the Mummy Necromancer began the quest for the
                  | Orb.
     0 | D:1      | Reached XP level 1. HP: 13/13 MP: 4/4
     2 | D:1      | Learned a level 1 spell: Animate Skeleton
    67 | D:1      | You miscast Pain.
   368 | D:1      | Reached skill level 1 in Fighting
   391 | D:1      | Slain by a jackal

Illustrated notes

Levels and vault maps discovered:
D:1:      heliophobic_arrival_glass_houses, layout_basic, dk_noncrumbling_4

Skill      XL: |  1 |
---------------+----+-----
Fighting       | 1 |  1.0
Dodging        | |  1.5
Stealth        | |  1.5
Spellcasting   | |  2.6
Necromancy     | |  4.2

Action                   || total
-------------------------++-------
Melee: Unarmed           ||     6
 Cast: Pain              ||     9
       Animate Skeleton  ||     5
  Use: Scroll            ||     1
Armor: Robe              ||     2
Dodge: Dodged            ||     5

Table legend: (Time is in decaauts)
 A = Elapsed time spent in this place.
 B = Non-inter-level travel time spent in this place.
 C = Inter-level travel time spent in this place.
 D = Time resting spent in this place.
 E = Time spent auto-exploring this place.
 F = Levels seen in this place.
 G = Mean time per level.
                   A        B        C        D        E       F      G
               +--------+--------+--------+--------+--------+-----+--------+
         Total |    391 |    391 |      0 |     27 |    109 |   1 |  391.0 |
       Dungeon |    391 |    391 |      0 |     27 |    109 |   1 |  391.0 |
               +--------+--------+--------+--------+--------+-----+--------+

Top non-repeatable levels by time:
     D:1: 391 daAuts
